 Dungeon Crawl Stone Soup version 0.19.5 (webtiles) character file.

248 QuCean the Chopper (level 5, -5/42 HPs)
             Began as a Demonspawn Berserker on May 12, 2017.
             Was a Believer of Trog.
             Killed by divine providence
             ... invoked by an orc priest
              (14 damage)
             ... on level 4 of the Dungeon.
             The game lasted 00:09:30 (2391 turns).

QuCean the Chopper (Demonspawn Berserker)           Turns: 2391, Time: 00:09:32

Health: -5/42      AC: 13    Str: 20    XL:     5   Next: 86%
Magic:  5/5        EV:  9    Int:  8    God:    Trog [**....]
Gold:   143        SH:  0    Dex: 13    Spells: 0 memorised, 4 levels left

rFire  . . .     SeeInvis .     a - +1 hand axe
rCold  . . .     Gourm    .     v - +3 chain mail
rNeg   . . .     Faith    .     (no shield)
rPois  .         Spirit   .     (no helmet)
rElec  .         Reflect  .     (no cloak)
rCorr  .         Harm     .     (no gloves)
MR     .....                    (no boots)
Stlth  ..........               j - amulet of rage
                                (no ring)
                                e - +2 ring of strength

@: no status effects
A: hooves 1, iridescent scales 1, powered by death 1, spiny 1
a: Berserk, Trog's Hand, Burn Spellbooks, Renounce Religion, Evoke Berserk Rage


You were on level 4 of the Dungeon.
You worshipped Trog.
Trog was pleased with you.
You were not hungry.

You visited 1 branch of the dungeon, and saw 4 of its levels.

You collected 143 gold pieces.

Inventory:

Hand Weapons
 a - a +1 hand axe (weapon)
Armour
 b - a +0 animal skin
 v - a +3 chain mail (worn)
 w - a +0 robe of magic resistance
Jewellery
 e - a +2 ring of strength (left hand)
 j - an amulet of rage (around neck)
Scrolls
 g - 3 scrolls of random uselessness {unknown}
 h - a scroll of magic mapping
 o - 2 scrolls of remove curse
 r - a scroll of immolation {unknown}
 s - a scroll of identify
 t - a scroll of teleportation
Potions
 d - a potion of might {unknown}
 f - a potion of invisibility {unknown}
 k - a potion of cure mutation {unknown}
 m - a potion of mutation {unknown}
 n - a potion of heal wounds {unknown}
 p - a potion of ambrosia {unknown}
Comestibles
 c - 5 bread rations
 i - 3 beef jerkies
 l - 2 meat rations
 q - a royal jelly
 u - 2 chunks of flesh


   Skills:
 + Level 4.0 Fighting
 + Level 4.5 Axes
 + Level 1.8 Armour
 + Level 3.3 Dodging
 + Level 0.6 Stealth


You had 4 spell levels left.
You didn't know any spells.

Dungeon Overview and Level Annotations

Branches:
Dungeon (4/15)
 Temple: D:4-7

Altars:

Portals:
Sewer: D:4


Innate Abilities, Weirdness & Mutations

You have large cloven feet.
You are partially covered in iridescent scales. (AC +2)
You regenerate a little health from kills.
You are partially covered in sharp spines.


Message History

The orc priest shouts!
The orc priest calls down the wrath of Beogh upon you.
Beogh smites you!
* * * LOW HITPOINT WARNING * * *
The orc priest invokes the aid of Beogh against you.
You barely resist.
Items here: )) [ † a short sword; a leather armour; a flail; an orc corpse You see here 21 stones.
The orc priest mumbles some strange prayers to Beogh against you.
Pain shoots through your body!
* * * LOW HITPOINT WARNING * * *
You slash the orc priest!
You kick the orc priest, but do no damage.
The orc priest is heavily wounded.
The orc priest is struck by your spines.
The orc priest completely misses you.
The orc priest mumbles some strange prayers to Beogh against you.
Beogh smites you!
You die...

##.# ..# #####.#######
#.###.# ..##..oo...#
#..)..# #####.########o#
##..#.# #..............#
#..#.####.##........####
##.........#..#####o#
#...####..#..#.....#
##..# #..#..###.### #.>#
####.@oo..# ##.#
#......# #.# ######.#
#.. ..# #### ####


You could see 2 orc priests.

Vanquished Creatures
  Blork the orc (D:4)
  A hound (D:4)
  An orc wizard (D:4)
  5 adders
  A river rat (D:4)
  A shadow imp (D:4)
  An ooze (D:4)
  A worm (D:4)
  A dart slug (D:1)
  5 orcs (D:4)
  A giant cockroach (D:4)
  7 goblins
  5 hobgoblins
  2 jackals (D:1)
  6 kobolds
  A quokka (D:2)
  5 bats
  2 frilled lizards
  5 rats
52 creatures vanquished.

Vanquished Creatures (others)
  4 toadstools (D:1)
4 creatures vanquished.

Grand Total: 56 creatures vanquished

Notes
Turn   | Place    | Note
-------+----------+-------------------------------------------
     0 | D:1      | QuCean the Demonspawn Berserker began the quest for the Orb.
     0 | D:1      | Reached XP level 1. HP: 18/18 MP: 1/1
   132 | D:1      | Gained mutation: You have large cloven feet. [demonic ancestry]
   132 | D:1      | Reached XP level 2. HP: 24/24 MP: 2/2
   830 | D:1      | You fall through a shaft!
   869 | D:2      | Reached ** piety under Trog
   894 | D:2      | Gained mutation: You regenerate a little health from kills. [demonic ancestry]
   894 | D:2      | Reached XP level 3. HP: 15/29 MP: 3/3
  1683 | D:2      | Gained mutation: You are partially covered in sharp spines. [demonic ancestry]
  1683 | D:2      | Reached XP level 4. HP: 24/35 MP: 4/4
  2087 | D:4      | Found a glowing drain.
  2093 | D:4      | Gained mutation: You are partially covered in iridescent scales. (AC +2) [demonic ancestry]
  2093 | D:4      | Reached XP level 5. HP: 32/41 MP: 5/5
  2259 | D:4      | Noticed Blork the orc
  2271 | D:4      | Killed Blork the orc
  2391 | D:4      | Killed from afar by an orc priest

Skill      XL: |  1  2  3  4  5 |
---------------+----------------+-----
Axes           | 3 4 |  4.5
Dodging        | 2 3 |  3.3
Fighting       | 4 |  4.0
Armour         | |  1.8
Stealth        | |  0.6

Action                   |  1- 3 |  4- 6 || total
-------------------------+-------+-------++-------
Melee: Hand axe          |    94 |    64 ||   158
       Kick              |    19 |    26 ||    45
  Use: Scroll            |     5 |       ||     5
  Eat: Chunk             |     2 |       ||     2
       Bread ration      |       |     1 ||     1
Armor: Animal skin       |    32 |     4 ||    36
       Chain mail        |       |     8 ||     8
Dodge: Dodged            |    88 |    43 ||   131
